 Dungeon Crawl Stone Soup version 0.27-a0-406-g23f261fbd2 (webtiles) character file.

Game seed: 12242438447243229858

116 rednaxela the Vexing (level 4, -1/21 HPs)
             Began as a Spriggan Enchanter on Feb 23, 2021.
             Killed by nerve-wracking pain
             ... invoked by an orc priest
              (8 damage)
             ... on level 3 of the Dungeon.
             The game lasted 00:16:08 (4995 turns).

rednaxela the Vexing (Spriggan Enchanter)           Turns: 4995, Time: 00:16:09

Health: -1/21      AC:  2    Str:  5    XL:     4   Next: 69%
Magic:  11/11      EV: 17    Int: 16    God:
Gold:   90         SH:  0    Dex: 15    Spells: 6/12 levels left

rFire    . . .     SeeInvis +   l - +4 dagger
rCold    . . .     Faith    .   (shield restricted)
rNeg     . . .     Spirit   .   f - +0 robe
rPois    .         Reflect  .   (helmet restricted)
rElec    .         Harm     .   (no cloak)
rCorr    .         Rampage  .   (gloves unavailable)
Will     .....                  (boots unavailable)
Stlth    +++.......             (no amulet)
HPRegen  0.07/turn              (no ring)
MPRegen  0.12/turn              (no ring)

@: very quick
A: very small, unfitting armour, see invisible, speed 3
a: no special abilities


You were on level 3 of the Dungeon.
You visited 1 branch of the dungeon, and saw 3 of its levels.

You collected 90 gold pieces.

Inventory:

Hand Weapons
 b - a +0 hunting sling
   (You found it on level 2 of the Dungeon)
 l - a +4 dagger (weapon)
   (You found it on level 2 of the Dungeon)
Missiles
 a - 14 poisoned darts (quivered)
 d - 76 arrows
 k - a throwing net {!f}
 m - 73 stones
Armour
 f - a +0 robe (worn)
Jewellery
 c - an amulet of faith
   (You found it on level 1 of the Dungeon)
Scrolls
 h - 2 scrolls of identify {unknown}
 j - a scroll of teleportation {unknown}
 n - a scroll of blinking {unknown}
Potions
 e - 3 potions of mutation {unknown}
 g - 2 potions of heal wounds {unknown}
 i - 3 potions of flight {unknown}
 o - 2 potions of attraction {unknown}
 p - a potion of degeneration {unknown}


   Skills:
 - Level 1.1 Short Blades
 - Level 2.6 Dodging
 - Level 4.4 Stealth
 + Level 4.7 Spellcasting
 + Level 5.3 Hexes


You had 6 spell levels left.
You knew the following spells:

 Your Spells              Type           Power        Failure   Level
a - Corona                Hex            22%          1%          1
b - Ensorcelled Hibernat  Hex/Ice        24%          8%          2
c - Confusing Touch       Hex            20%          5%          3

Your spell library contained the following spells:

 Spells                   Type           Power        Failure   Level
 Tukima's Dance           Hex            20%          5%          3
 Dazzling Flash           Conj/Hex       24%          16%         3
 Gell's Gravitas          Tloc           1%           43%         3
 Metabolic Englaciation   Hex/Ice        6%           82%         5
 Yara's Violent Unravell  Hex/Tmut       6%           82%         5
 Petrify                  Tmut/Erth      3%           83%         4


Dungeon Overview and Level Annotations

Branches:
Dungeon (3/15)

Altars:

Annotations:
D:1 1 runed translucent door, exclusion: jelly
D:2 target the exclusion on ascenscion, 1 exclusion
D:3 1 exclusion


Innate Abilities, Weirdness & Mutations

You are very small and have problems with some larger weapons.
You are too small for most types of armour.
You have supernaturally acute eyesight. (SInv)
You cover ground extremely quickly.


Message History

The leopard gecko hisses angrily.
You hear an angry hiss.
The giant cockroach misses you.
You closely miss the giant cockroach.
The giant cockroach is heavily wounded.
The giant cockroach misses you.
You closely miss the giant cockroach.
The giant cockroach is heavily wounded.
The giant cockroach misses you. The giant cockroach bites you.
The leopard gecko hisses angrily.
You hit the giant cockroach but do no damage.
The giant cockroach is moderately wounded.
The giant cockroach completely misses you.
You closely miss the giant cockroach.
The giant cockroach is moderately wounded.
The giant cockroach misses you.
You hit the giant cockroach.
The giant cockroach is almost dead.
The giant cockroach closely misses you.
You closely miss the giant cockroach.
The giant cockroach is almost dead.
The giant cockroach misses you.
You hit the giant cockroach.
You kill the giant cockroach!
Casting: Ensorcelled Hibernation (safe; 9% risk of failure)
Confirm with . or Enter, or press ? or * to list all spells.
Aiming: Ensorcelled Hibernation (safe; 9% risk of failure)
Press: ? - help, Shift-Dir - straight line, f - leopard gecko
Aim: a leopard gecko (chance to affect: 61%)
The leopard gecko resists with significant effort.
The leopard gecko misses you.
Casting: Ensorcelled Hibernation (safe; 9% risk of failure)
Confirm with . or Enter, or press ? or * to list all spells.
Aiming: Ensorcelled Hibernation (safe; 9% risk of failure)
Press: ? - help, Shift-Dir - straight line, f/p - leopard gecko
Aim: a leopard gecko (chance to affect: 61%)
The leopard gecko looks drowsy...
The helpless leopard gecko fails to defend itself.
You impale the leopard gecko!!
You kill the leopard gecko!
The giant cockroach closely misses you.
You hit the giant cockroach.
The giant cockroach is almost dead.
The giant cockroach bites you but does no damage.
You barely miss the giant cockroach.
The giant cockroach is almost dead.
The giant cockroach misses you. x2
You hit the giant cockroach.
You kill the giant cockroach!
Casting: Ensorcelled Hibernation (safe; 8% risk of failure)
Confirm with . or Enter, or press ? or * to list all spells.
Aiming: Ensorcelled Hibernation (safe; 8% risk of failure)
Press: ? - help, Shift-Dir - straight line, f - leopard gecko
Aim: a leopard gecko (chance to affect: 61%)
The leopard gecko looks drowsy...
The helpless leopard gecko fails to defend itself.
You impale the leopard gecko!!
You kill the leopard gecko!
Casting: Ensorcelled Hibernation (safe; 8% risk of failure)
Confirm with . or Enter, or press ? or * to list all spells.
Aiming: Ensorcelled Hibernation (safe; 8% risk of failure)
Press: ? - help, Shift-Dir - straight line, f - leopard gecko
Aim: a leopard gecko (chance to affect: 61%)
The leopard gecko looks drowsy...
The helpless leopard gecko fails to defend itself.
You impale the leopard gecko!!
You kill the leopard gecko!
e - 3 puce potions (gained 1)
You see here a leopard gecko corpse.
You start resting.
HP restored.
Magic restored.
You see here a leopard gecko corpse.
There is a collapsed entrance here.
There is a collapsed entrance here.
You see here a leopard gecko corpse.
You enter the shallow water.
Moving in this stuff is going to be slow.
Things that are here:
a giant cockroach corpse; a giant cockroach corpse You enter the shallow water.
Moving in this stuff is going to be slow.
Found an escape hatch in the ceiling.
There is an open door here.
Found a stone staircase leading down.
p - a sedimented emerald potion
Found a hand axe.
An orc priest comes into view. It is wielding a +0 club.
The orc priest shouts!
The orc priest calls down the wrath of Beogh upon you.
You struggle to resist.
The orc priest invokes the aid of Beogh against you.
Beogh smites you!
* * * LOW HITPOINT WARNING * * *
The orc priest invokes the aid of Beogh against you.
Pain shoots through your body!
* * * LOW HITPOINT WARNING * * *
There is a stone staircase leading down here.
The orc priest calls down the wrath of Beogh upon you.
Pain shoots through your body!
You die...

##+####################
#..............##......
#..............##......
#..............##......
#...............'......
######..............##......
........###.##########......
###########.##########......
........@..<.............
....####......#####...... .
#......#####......
.o................
.)...........#####
#.............#
#.............#
###############


You could see an orc priest.

Vanquished Creatures
  4 adders
  An adder skeleton (D:2)
  2 worms
  A dart slug (D:1)
  5 leopard geckos
  2 orcs (D:3)
  7 giant cockroaches
  6 goblins
  8 hobgoblins
  6 kobolds
  A quokka (D:2)
  3 ball pythons
  6 bats (D:1)
  4 frilled lizards
  7 rats
63 creatures vanquished.

Notes
Turn   | Place    | Note
-------+----------+-------------------------------------------
     0 | D:1      | rednaxela the Spriggan Enchanter began the quest for the
                  | Orb.
     0 | D:1      | Reached XP level 1. HP: 9/9 MP: 5/5
     1 | D:1      | Found a runed translucent door.
     2 | D:1      | Noticed a jelly
   821 | D:1      | Reached skill level 3 in Spellcasting
   872 | D:1      | Reached skill level 4 in Hexes
   872 | D:1      | Reached XP level 2. HP: 12/13 MP: 7/7
   994 | D:1      | Learned a level 2 spell: Ensorcelled Hibernation
  2071 | D:1      | Reached XP level 3. HP: 16/16 MP: 9/9
  3384 | D:2      | Learned a level 3 spell: Confusing Touch
  3530 | D:2      | Reached skill level 4 in Spellcasting
  3866 | D:3      | Reached XP level 4. HP: 17/21 MP: 3/11
  3931 | D:3      | Reached skill level 5 in Hexes
  4995 | D:3      | Killed from afar by an orc priest

Illustrated notes

Levels and vault maps discovered:
D:1:      dpeg_arrival_caged_fury, layout_basic, minmay_distorted
D:2:      layout_loops_ring, minmay_misc_feat_rugged, kennysheep_generic_room_3
D:3:      layout_basic, gup_sewer_entry_pipe

Skill      XL: |  1  2  3  4 |
---------------+-------------+-----
Spellcasting   | 3 4 |  4.7
Hexes          | 4 5 |  5.3
Short Blades   | |  1.1
Dodging        | |  2.6
Stealth        | |  4.4

Action                   |  1- 3 |  4- 6 || total
-------------------------+-------+-------++-------
Melee: Dagger            |    53 |    50 ||   103
       Short sword       |    58 |       ||    58
 Fire: Hunting sling     |    78 |       ||    78
Throw: Dart              |       |     8 ||     8
 Cast: Corona            |     9 |       ||     9
       Ensorcelled Hiber |    26 |    18 ||    44
       Confusing Touch   |     1 |     1 ||     2
  Use: Scroll            |     2 |       ||     2
 Stab: Sleeping          |    23 |    12 ||    35
       Confused          |     1 |     1 ||     2
Armor: Robe              |    21 |     1 ||    22
Dodge: Dodged            |   119 |    30 ||   149

Table legend: (Time is in decaauts)
 A = Elapsed time spent in this place.
 B = Non-inter-level travel time spent in this place.
 C = Inter-level travel time spent in this place.
 D = Time resting spent in this place.
 E = Time spent auto-exploring this place.
 F = Levels seen in this place.
 G = Mean time per level.
                   A        B        C        D        E       F      G
               +--------+--------+--------+--------+--------+-----+--------+
         Total |   4030 |   3887 |    143 |   1524 |   1373 |   3 | 1343.3 |
       Dungeon |   4030 |   3887 |    143 |   1524 |   1373 |   3 | 1343.3 |
               +--------+--------+--------+--------+--------+-----+--------+

Top non-repeatable levels by time:
     D:1: 1859 daAuts
     D:2: 1260 daAuts
     D:3: 910 daAuts
